 Dungeon Crawl Stone Soup version 0.29.1-12-g30fa7ad0bf (webtiles) character file.

Game seed: 8462499638417100838

15701 cdecastro the Unseen (level 12, -7/51 HPs)
             Began as a Spriggan Enchanter on Dec 12, 2022.
             Was a High Priest of Okawaru.
             Mangled by a red ugly thing (22 damage)
             ... on level 15 of the Dungeon on Dec 13, 2022.
             The game lasted 00:52:48 (14378 turns).

cdecastro the Unseen (Spriggan Enchanter)          Turns: 14378, Time: 00:52:50

Health: -7/51      AC:  4    Str:  4    XL:     12   Next: 3%
Magic:  19/19      EV: 30    Int: 17    God:    Okawaru [*****.]
Gold:   120        SH:  0    Dex: 26    Spells: 8/16 levels left

rFire   . . .      SeeInvis +   V - +4 dagger (venom)
rCold   + . .      Faith    .   (no shield)
rNeg    . . .      Spirit   .   S - +2 robe {Will+}
rPois   .          Reflect  .   (helmet restricted)
rElec   .          Harm     .   (no cloak)
rCorr   .          Rampage  .   (gloves unavailable)
Will    +++..                   (boots unavailable)
Stlth   +++++++...              E - amulet "Nierch" {rC+ Regen+}
HPRegen 0.97/turn               Y - +6 ring of dexterity
MPRegen 0.16/turn               j - +4 ring of evasion

@: invisible, very quick
A: very small, no large weapons, unfitting armour, see invisible, speed 3
a: Renounce Religion, Heroism, Finesse, Duel


You were on level 15 of the Dungeon.
You worshipped Okawaru.
Okawaru was extremely pleased with you.
You visited 2 branches of the dungeon, and saw 15 of its levels.
You also visited: Bailey.

You collected 622 gold pieces.
You spent 502 gold pieces at shops.

Inventory:

Hand Weapons
 V - a +4 dagger of venom (weapon)
Missiles
 u - a throwing net
 J - 4 boomerangs
 L - 5 poisoned darts (quivered)
 O - a curare-tipped dart
Armour
 F - a +0 buckler of fire resistance
 Q - a +0 troll leather armour
 S - a +2 robe of willpower (worn)
Magical Staves
 e - a staff of fire
 H - a staff of air
Jewellery
 j - a +4 ring of evasion (right hand)
 m - a ring of flight
 w - a +6 ring of intelligence
 x - an amulet of magic regeneration
 E - the amulet "Nierch" (around neck) {rC+ Regen+}
   (You found it on level 6 of the Dungeon)

   [amulet of regeneration]

   rC:        It protects you from cold.
   Regen:     It increases your rate of health regeneration.
 K - a ring of poison resistance
 X - an amulet of reflection
 Y - a +6 ring of dexterity (left hand)
Wands
 a - a wand of roots (5)
 b - a wand of polymorph (4)
 A - a wand of mindburst (8)
 C - a wand of paralysis (11)
 G - a wand of acid (9)
 T - a wand of flame (6)
Scrolls
 d - 5 scrolls of teleportation {unknown}
 f - 4 scrolls of amnesia {unknown}
 h - a scroll of vulnerability {unknown}
 k - 3 scrolls of enchant weapon
 n - 3 scrolls of poison
 p - 3 scrolls of torment {unknown}
 r - a scroll of brand weapon {unknown}
 t - a scroll of fog {unknown}
 y - 2 scrolls of magic mapping {unknown}
 z - 8 scrolls of identify
 B - 3 scrolls of summoning
 M - a scroll of enchant armour {unknown}
 N - a scroll of noise {unknown}
 R - a scroll of immolation {unknown}
Potions
 c - 4 potions of invisibility
 g - 3 potions of heal wounds
 i - a potion of cancellation
 l - a potion of attraction
 o - a potion of resistance
 q - 3 potions of lignification
 s - 2 potions of flight
 v - 6 potions of curing
 D - a potion of berserk rage
 P - a potion of might
 U - a potion of mutation {unknown}
 Z - 2 potions of magic {unknown}
Miscellaneous
 I - a piece from Xom's chessboard (15/15)
 W - a box of beasts


   Skills:
 - Level 10.8 Short Blades
 - Level 8.6 Dodging
 + Level 18.0 Stealth
 - Level 2.6 Spellcasting
 - Level 8.0 Hexes
 * Level 9.2 Invocations


You had 8 spell levels left.
You knew the following spells:

 Your Spells              Type           Power      Damage    Failure   Level
a - Ensorcelled Hibernat  Hex/Ice        30%        N/A       5%          2
b - Confusing Touch       Hex            29%        N/A       1%          3
c - Tukima's Dance        Hex            29%        N/A       1%          3

Your spell library contained the following spells:

 Spells                   Type           Power      Damage    Failure   Level
 Cause Fear               Hex            14%        N/A       7%          4
 Dazzling Flash           Conj/Hex       30%        N/A       11%         3
 Inner Flame              Hex/Fire       15%        N/A       11%         3
 Static Discharge         Conj/Air       2%         3-4/arc   26%         2
 Gell's Gravitas          Tloc           2%         N/A       47%         3
 Lesser Beckoning         Tloc           2%         N/A       47%         3
 Teleport Other           Tloc           2%         N/A       47%         3
 Dispel Undead            Necr           2%         3d7       87%         4
 Sticky Flame             Conj/Fire      2%         2d3       87%         4
 Discord                  Hex            14%        N/A       100%        8
 Summon Guardian Golem    Hex/Summ       Unusable   N/A       N/A         3
 Summon Small Mammal      Summ           Unusable   N/A       N/A         1
 Call Canine Familiar     Summ           Unusable   N/A       N/A         3

Dungeon Overview and Level Annotations

Branches:
Dungeon (15/15)            Temple (1/1) D:6            Lair (0/5) D:10
 Bailey (visited)
    Orc: D:9-12      Vaults: D:13-14     Depths: D:15

Altars:
Ashenzari
Cheibriados
Dithmenos
Elyvilon
Fedhas
Gozag
Hepliaklqana
Kikubaaqudgha
Makhleb
Nemelex Xobeh
Okawaru
Qazlal
Ru
Sif Muna
Trog
Uskayaw
Vehumet
Wu Jian
Xom
Yredelemnul
Zin
The Shining One

Shops:
D:5 ?   D:9 !   D:12 !!

Annotations:
D:5 Dowan, Duvessa, Edmund
D:10 4 transporters
D:11 1 runed translucent door, DandyGuy's ghost, journeyman MiBe


Innate Abilities, Weirdness & Mutations

You are very small and have problems with some larger weapons.
You are too small for most types of armour.
You have supernaturally acute eyesight. (SInv)
You cover ground extremely quickly. (Speed+++)


Message History

Unknown command.
Okay, then.
Unknown command.
You drop a potion of ambrosia.
An orc zombie comes into view.
j - a +4 ring of evasion You're wearing all the rings you can.
Remove which one? (? for menu, Esc to cancel) < or
Y - a +6 ring of dexterity; > or
m - a ring of flight You remove your ring of flight.
You float gracefully downwards.
j - a +4 ring of evasion (right hand) No target in view!
No target in view!
A sourceless malevolence fills the Dungeon...
You fall into a shaft and drop 3 floors!
The shaft crumbles and collapses.
Okay, then.
Unknown command.
Okay, then.
Unknown command.
Unknown command.
Found a stone staircase leading up.
There is a stone staircase leading up here.
You climb upwards.
The red ugly thing gurgles horribly! x3; The tengu conjurer shouts! x2
There is a stone staircase leading down here.
The red ugly thing barely misses you.
The red ugly thing completely misses you.
You climb downwards.
There is a stone staircase leading up here.
Unknown command.
Unknown command.
Unknown command.
You fade into invisibility!
The red ugly thing claws you!
You are engulfed in flames!!
* * * LOW HITPOINT WARNING * * *
The red ugly thing trunk-slaps you.
* * * LOW HITPOINT WARNING * * *
You are engulfed in flames!!
You die...

####################
............u@u....#
.........########..#
................
................
................
#..############. #.
#


You could see 2 ugly things.

Vanquished Creatures
  2 hydras
  A centaur warrior (D:11)
  2 two-headed ogres
  A tengu warrior (D:11)
  Nergalle (D:10)
  A cyclops (D:11)
  2 unseen horrors
  A gargoyle (D:11)
  Maggie (D:10)
  2 komodo dragons (D:11)
  4 trolls
  A hornet (D:8)
  8 slime creatures (D:12)
  3 wraiths
  A wyvern (D:9)
  A human (D:10)
  9 yaks (D:10)
  4 vampire mosquitoes (D:11)
  2 steam dragons
  Menkaure (D:5)
  2 acid dragons
  2 water moccasins
  4 orc warriors
  An ice beast (D:6)
  A black bear (D:5)
  4 centaurs
  A phantom (D:12)
  A kobold brigand (D:8)
  A scorpion (D:4)
  8 bullfrogs
  A gnoll sergeant (D:10)
  2 necrophages (D:7)
  4 wights (D:6)
  9 howler monkeys
  2 electric eels (D:8)
  A gnoll bouda (D:7)
  5 orc priests
  A hound (D:6)
  7 orc wizards
  3 iguanas
  Robin (D:2)
  6 adders
  17 gnolls
  4 river rats (D:11)
  2 ufetubi
  2 worms
  3 dart slugs
  27 orcs
  2 ball pythons
  3 endoplasms
  3 giant cockroaches
  6 hobgoblins
  4 jackals (D:1)
  6 kobolds
  3 quokkas
  3 bats
  2 frilled lizards
  11 goblins
  A goblin zombie (D:10)
  A kobold skeleton (D:10)
  6 rats
221 creatures vanquished.

Vanquished Creatures (others)
  A kobold (D:4)
  11 fungi (D:12)
  23 plants
  2 withered plants (D:11)
37 creatures vanquished.

Grand Total: 258 creatures vanquished

Notes
Turn   | Place    | Note
-------+----------+-------------------------------------------
     0 | D:1      | cdecastro the Spriggan Enchanter began the quest for the
                  | Orb.
     0 | D:1      | Reached XP level 1. HP: 9/9 MP: 5/5
   495 | D:1      | Reached XP level 2. HP: 13/13 MP: 6/6
   515 | D:1      | Learned a level 2 spell: Ensorcelled Hibernation
   830 | D:1      | Found a faded altar of an unknown god.
  1048 | D:1      | Reached skill level 5 in Stealth
  1543 | D:2      | Reached XP level 3. HP: 16/16 MP: 8/8
  1811 | D:3      | Noticed Robin
  1815 | D:2      | Killed Robin
  1941 | D:2      | Reached skill level 5 in Hexes
  2435 | D:3      | Learned a level 3 spell: Confusing Touch
  2612 | D:3      | Reached XP level 4. HP: 21/21 MP: 9/9
  3294 | D:4      | Reached skill level 6 in Stealth
  3780 | D:4      | Noticed a scorpion
  3790 | D:4      | Killed a scorpion
  3791 | D:4      | Reached XP level 5. HP: 24/24 MP: 5/10
  4049 | D:4      | Found a white marble altar of Elyvilon.
  4404 | D:4      | Reached skill level 7 in Stealth
  4618 | D:4      | Reached XP level 6. HP: 28/28 MP: 11/11
  5866 | D:5      | Entered Level 5 of the Dungeon
  5866 | D:5      | Noticed Menkaure
  5866 | D:5      | Found Jesearr's Magic Scroll Shoppe.
  5868 | D:5      | Killed Menkaure
  5902 | D:5      | Bought a scroll of identify for 28 gold pieces
  5902 | D:5      | Bought a scroll of summoning for 133 gold pieces
  5902 | D:5      | Bought a scroll of poison for 56 gold pieces
  5924 | D:5      | Learned a level 3 spell: Tukima's Dance
  6244 | D:5      | Noticed Duvessa
  6438 | D:5      | Noticed Dowan
  6438 | D:5      | Noticed Edmund
  6804 | D:6      | Reached skill level 8 in Stealth
  6823 | D:6      | Reached XP level 7. HP: 32/32 MP: 12/12
  7064 | D:6      | HP: 1/32 [centaur (6)]
  7135 | D:5      | Reached skill level 9 in Stealth
  7212 | D:6      | Identified the amulet "Nierch" {rC+ Regen+}
  7354 | D:6      | Reached skill level 5 in Short Blades
  7354 | D:6      | Reached XP level 8. HP: 33/36 MP: 9/13
  7396 | D:6      | Reached skill level 10 in Stealth
  7662 | D:6      | Found a staircase to the Ecumenical Temple.
  7673 | Temple   | Entered the Ecumenical Temple
  7725 | Temple   | Became a worshipper of Warmaster Okawaru
  7942 | D:6      | Found a glowing golden altar of the Shining One.
  7942 | D:6      | Found a snail-covered altar of Cheibriados.
  7942 | D:6      | Found a shadowy altar of Dithmenos.
  8352 | D:7      | Reached * piety under Okawaru
  8353 | D:7      | Reached skill level 11 in Stealth
  8417 | D:7      | Reached skill level 1 in Invocations
  8610 | D:7      | Reached XP level 9. HP: 39/39 MP: 10/14
  9024 | D:8      | Found an ancient bone altar of Kikubaaqudgha.
  9067 | D:8      | Found a flagged portal.
  9093 | D:8      | Reached ** piety under Okawaru
  9114 | Bailey   | Entered a bailey
  9158 | Bailey   | Upgraded the game from 0.29.1-4-g47bece8355 to
                  | 0.29.1-12-g30fa7ad0bf
  9963 | D:9      | Reached skill level 10 in Short Blades
 10391 | D:9      | Found Vylaroap's Distillery.
 10421 | D:9      | Bought a potion of might for 40 gold pieces
 10421 | D:9      | Bought a potion of curing for 30 gold pieces
 10421 | D:9      | Bought a potion of invisibility for 80 gold pieces
 10421 | D:9      | Bought a potion of curing for 30 gold pieces
 10507 | D:5      | Bought a scroll of enchant weapon for 105 gold pieces
 10777 | D:9      | Noticed a troll
 10780 | D:9      | Killed a troll
 10780 | D:9      | Reached *** piety under Okawaru
 10781 | D:9      | Reached skill level 12 in Stealth
 11075 | D:10     | Entered Level 10 of the Dungeon
 11152 | D:10     | Found a runed translucent door.
 11153 | D:10     | Found a basalt altar of Yredelemnul.
 11313 | D:10     | Reached XP level 10. HP: 36/44 MP: 11/15
 11467 | D:10     | Found a bloodstained altar of Trog.
 11467 | D:10     | Noticed Nergalle
 11481 | D:10     | Reached skill level 5 in Dodging
 11564 | D:10     | Reached **** piety under Okawaru
 11565 | D:10     | Reached skill level 13 in Stealth
 11946 | D:10     | Killed Nergalle
 11946 | D:10     | Reached ***** piety under Okawaru
 12175 | D:10     | Found a transporter.
 12181 | D:10     | Found a transporter.
 12193 | D:10     | Found a staircase to the Lair.
 12197 | D:10     | Noticed Maggie
 12227 | D:10     | Killed Maggie
 12228 | D:10     | Reached skill level 14 in Stealth
 12276 | D:10     | Found a transporter.
 12276 | D:10     | Noticed a four-headed hydra
 12333 | D:10     | Killed a four-headed hydra
 12334 | D:10     | Reached skill level 15 in Stealth
 12415 | D:10     | Found a transporter.
 12442 | D:10     | Noticed a two-headed ogre
 12447 | D:10     | Killed a two-headed ogre
 12448 | D:10     | Reached XP level 11. HP: 47/47 MP: 16/16
 12578 | D:11     | Received a gift from Okawaru
 12579 | D:11     | Reached skill level 16 in Stealth
 12767 | D:11     | Reached skill level 5 in Invocations
 12883 | D:11     | Noticed a tengu warrior
 12886 | D:11     | Killed a tengu warrior
 13062 | D:11     | Noticed a six-headed hydra
 13132 | D:11     | Noticed a centaur warrior
 13138 | D:11     | Killed a centaur warrior
 13226 | D:11     | Reached skill level 17 in Stealth
 13398 | D:11     | Found a runed translucent door.
 13399 | D:11     | Noticed DandyGuy's ghost (journeyman MiBe)
 13707 | D:11     | Killed a six-headed hydra
 13787 | D:12     | Found Homazxai's Distillery.
 13787 | D:12     | Found Gyutz's Distillery.
 13793 | D:12     | Noticed a two-headed ogre
 13890 | D:12     | Killed a two-headed ogre
 14051 | D:12     | Noticed a two-headed ogre
 14052 | D:12     | Identified the +2 robe "Gaedutz" {rElec rC+ Will-} (Okawaru
                  | gifted it to you on level 12 of the Dungeon)
 14052 | D:12     | Received a gift from Okawaru
 14186 | D:12     | Reached XP level 12. HP: 51/51 MP: 19/19
 14229 | D:11     | Reached skill level 18 in Stealth
 14366 | D:12     | You fall into a shaft and drop 3 floors!
 14366 | D:15     | Entered Level 15 of the Dungeon
 14378 | D:15     | Mangled by a red ugly thing

Illustrated notes

Levels and vault maps discovered:
D:1:      dpeg_arrival_water_fire, layout_loops_ring,
          hellmonk_ecumenical_altar_defaced_shrine
D:2:      layout_basic, kennysheep_generic_room_9
D:3:      layout_basic, serial_forest, infiniplex_forest_straight_5,
          infiniplex_forest_straight_3, infiniplex_forest_lined_room_2,
          infiniplex_forest_clump_small, infiniplex_forest_lined_corner,
          infiniplex_forest_clump_tiny, infiniplex_forest_clump_small,
          uniq_robin
D:4:      layout_basic, elyvilon_altar_4
D:5:      layout_layer_cave, serial_shops, shop, minmay_misc_feat_ornament,
          chequers_decorated_corner, uniq_duvessa, uniq_menkaure, uniq_edmund
D:6:      layout_rooms, gammafunk_temple_overflow_claw, minmay_temple_entry_hall
D:7:      layout_basic, st_stairs_9, hellmonk_bongcloud_opening,
          minmay_manual_monolith, uniq_pikel
D:8:      layout_cave_pools, amcnicky_altar_gilded, enter_bailey_7,
          serial_bayou_lagoon_a
D:9:      layout_stronghold, serial_shops,
          nicolae_shop_temple_entry_statues_fountains
D:10:     layout_rooms, dk_yredelemnul_ordeal, trog_three_pillars_becter,
          lair_entry_dummy, nicolae_transporter_intersection, uniq_nergalle,
          uniq_maggie
D:11:     layout_loops_ring, gammafunk_ghost_grave, pond
D:12:     old_forge, layout_long_grid, zombieorc2_lemuel, serial_shops,
          nicolae_shop_behind_doors, shop, nicolae_stop_n_shop_2,
          nicolae_shop_window_shopping, grunt_ministairs_13
D:14:     minmay_isolated_rectangles_in_corner, layout_stronghold,
          david_vaults_2, chequers_serial_rivers_micro_c
D:15:     hangedman_depths_entry_try_elsewhere_first, layout_long_grid,
          serial_shops, shop, nicolae_shop_statue_plus, minmay_misc_feat_tower,
          uniq_jorgrun
Temple:   regret_index_temple_generic_petals

Skill      XL: |  1  2  3  4  5  6  7  8  9 10 11 12 |
---------------+-------------------------------------+-----
Hexes          | 4 5 6 7 8 |  8.0
Stealth        | 5 6 7 8 9 11 12 15 17 18 | 18.0
Short Blades   | 2 5 8 10 | 10.8
Invocations    | 1 3 4 9 |  9.2
Dodging        | 4 8 |  8.6
Spellcasting   | |  2.6

Action                   |  1- 3 |  4- 6 |  7- 9 | 10-12 || total
-------------------------+-------+-------+-------+-------++-------
Melee: Dagger            |    87 |    81 |   293 |   315 ||   776
       Punch             |       |       |     6 |     7 ||    13
Throw: Dart              |       |       |     8 |     6 ||    14
 Cast: Ensorcelled Hiber |    17 |    27 |     3 |       ||    47
       Confusing Touch   |       |    10 |    50 |    44 ||   104
Invok: Heroism           |       |       |       |     3 ||     3
  Use: Scroll            |       |     9 |     1 |       ||    10
       Potion            |       |       |       |     1 ||     1
 Stab: Sleeping          |    32 |    23 |    13 |    14 ||    82
       Distracted        |     1 |     1 |     1 |       ||     3
       Confused          |       |     5 |    42 |    46 ||    93
Armor: Robe              |    12 |     3 |    12 |     5 ||    32
Dodge: Dodged            |    68 |    58 |   149 |   163 ||   438
